[ AOE2 MATCH · #471008055 ]
Team RMSicilians vs Vikings
[ REPLAY ANALYSIS · EXTRACTED FROM THE RECORDED GAME ]
Feudal
11:43
Castle
20:30
Imperial
41:49
| APM avg | 20.9 |
| APM peak | 42 |
| eAPM avg | 15.3 |
| Villagers / military | 175 / 346 |
Focus
⚔️ 36.5% · 🌾 63.5%
Militia ×297 · Serjeant ×20 · Battering Ram ×10 · Skirmisher ×8 · Spearman ×7 · Demolition Raft ×4
Feudal
12:00
Castle
18:58
Imperial
40:11
| APM avg | 28.6 |
| APM peak | 72 |
| eAPM avg | 14.0 |
| Villagers / military | 99 / 239 |
Focus
⚔️ 36.5% · 🌾 63.5%
Militia ×146 · Skirmisher ×45 · Trade Cart ×24 · Galley ×20 · Longboat ×12 · Berserk ×7
Feudal
12:29
Castle
17:21
Imperial
40:48
| APM avg | 36.5 |
| APM peak | 76 |
| eAPM avg | 23.8 |
| Villagers / military | 170 / 223 |
Focus
⚔️ 34.1% · 🌾 65.9%
Mameluke ×209 · Battering Ram ×6 · Trebuchet (Packed) ×6 · Monk ×2
Feudal
11:12
Castle
16:08
Imperial
42:48
| APM avg | 52.8 |
| APM peak | 95 |
| eAPM avg | 21.6 |
| Villagers / military | 153 / 109 |
Focus
⚔️ 31.0% · 🌾 69.0%
Skirmisher ×81 · Unknown (1949) ×68 · Unknown (1952) ×49 · Scout Cavalry ×25 · Mangonel ×3
Feudal
12:58
Castle
16:51
Imperial
36:07
| APM avg | 35.9 |
| APM peak | 79 |
| eAPM avg | 19.8 |
| Villagers / military | 140 / 283 |
Focus
⚔️ 23.5% · 🌾 76.5%
Janissary ×151 · Camel Scout ×68 · Scout Cavalry ×57 · Spearman ×4 · Trebuchet (Packed) ×3
Feudal
12:06
Castle
18:44
Imperial
34:04
| APM avg | 22.8 |
| APM peak | 59 |
| eAPM avg | 13.4 |
| Villagers / military | 124 / 125 |
Focus
⚔️ 19.3% · 🌾 80.7%
Janissary ×62 · Camel Scout ×50 · Trade Cart ×13 · Petard ×6 · Trebuchet (Packed) ×5 · Monk ×2
Feudal
11:17
Castle
21:13
Imperial
40:12
| APM avg | 23.0 |
| APM peak | 49 |
| eAPM avg | 13.6 |
| Villagers / military | 126 / 119 |
Focus
⚔️ 36.0% · 🌾 64.0%
Petard ×56 · Unknown (2562) ×53 · Skirmisher ×40 · Trade Cart ×30 · Unknown (2550) ×17 · Fishing Ship ×10
Feudal
10:45
Castle
20:51
Imperial
39:27
| APM avg | 38.6 |
| APM peak | 73 |
| eAPM avg | 19.9 |
| Villagers / military | 131 / 141 |
Focus
⚔️ 38.3% · 🌾 61.7%
Mangudai ×81 · Scout Cavalry ×37 · Fishing Ship ×14 · Galley ×14 · Trade Cart ×14 · Unknown (2626) ×5
Match map
Initial resources + every placement click. Lines = walls · curves = elevation contours. ◆ gold · ⬟ stone · ● berries · ✦ relic · ◌ wall gap
Your base· ✓ Map-separated
DarkOxygen12's base· ✓ Map-separated
Fat Mike's base· ✓ Map-separated
花开未相随's base· ✓ Map-separated
tomasgus05's base· ✓ Map-separated
九黎皇朝's base· ✓ Map-separated
Reissdorf Ralle's base· ✓ Map-separated
348644636's base· ✓ Map-separated
Smoothed initial terrain · ◌ = detected wall gap · hover for details
Inputs per minute
— JH - - DarkOxygen12
Build order — JH
First 150 of 553 actions detected
| 0:02 | Create | Villager (Male) |
| 0:02 | Create | Villager (Male) |
| 0:06 | Build | House |
| 0:08 | Build | House |
| 0:45 | Create | Villager (Male) |
| 0:45 | Create | Villager (Male) |
| 0:45 | Create | Villager (Male) |
| 1:31 | Create | Villager (Male) |
| 1:32 | Create | Villager (Male) |
| 1:52 | Build | Lumber Camp |
| 2:03 | Create | Villager (Male) |
| 2:04 | Create | Villager (Male) |
| 2:27 | Create | Villager (Male) |
| 2:27 | Create | Villager (Male) |
| 2:58 | Create | Villager (Male) |
| 2:58 | Create | Villager (Male) |
| 3:18 | Create | Villager (Male) |
| 3:18 | Create | Villager (Male) |
| 3:27 | Build | House |
| 3:28 | Build | House |
| 3:43 | Create | Villager (Male) |
| 4:06 | Create | Villager (Male) |
| 4:22 | Build | Mill |
| 4:35 | Create | Villager (Male) |
| 5:05 | Research | Loom |
| 5:24 | Create | Villager (Male) |
| 5:31 | Create | Villager (Male) |
| 5:57 | Create | Villager (Male) |
| 5:58 | Create | Villager (Male) |
| 6:01 | Build | Mill |
| 6:24 | Create | Villager (Male) |
| 6:48 | Create | Villager (Male) |
| 6:55 | Create | Villager (Male) |
| 6:55 | Create | Villager (Male) |
| 7:22 | Create | Villager (Male) |
| 7:40 | Build | Farm |
| 7:53 | Create | Villager (Male) |
| 8:11 | Build | Farm |
| 8:22 | Build | Farm |
| 8:23 | Build | Farm |
| 8:25 | Build | Farm |
| 8:27 | Build | Farm |
| 8:28 | Build | Farm |
| 8:39 | Create | Villager (Male) |
| 8:48 | Build | Farm |
| 9:19 | Create | Villager (Male) |
| 9:33 | Research | Feudal Age |
| 9:38 | Build | Mining Camp |
| 9:51 | Create | Villager (Male) |
| 9:52 | Create | Villager (Male) |
| 10:17 | Build | House |
| 10:19 | Build | House |
| 10:47 | Create | Villager (Male) |
| 11:11 | Build | Dock |
| 11:19 | Create | Villager (Male) |
| 11:20 | Create | Villager (Male) |
| 11:39 | Create | Villager (Male) |
| 11:43 | Age | Feudal Age |
| 12:06 | Build | House |
| 12:08 | Build | House |
| 12:14 | Create | Unit 2626 |
| 12:29 | Create | Villager (Male) |
| 12:54 | Build | Lumber Camp |
| 12:56 | Create | Villager (Male) |
| 13:16 | Build | Palisade Wall |
| 13:18 | Create | Villager (Male) |
| 13:23 | Create | Villager (Male) |
| 13:23 | Create | Villager (Male) |
| 13:53 | Build | Mining Camp |
| 14:05 | Build | Palisade Wall |
| 14:15 | Create | Villager (Male) |
| 14:16 | Create | Villager (Male) |
| 14:22 | Create | Demolition Raft |
| 14:22 | Create | Demolition Raft |
| 14:23 | Create | Demolition Raft |
| 14:27 | Create | Fishing Ship ×2 |
| 14:38 | Create | Villager (Male) |
| 14:43 | Build | Farm |
| 14:45 | Build | Farm |
| 14:52 | Build | Farm |
| 15:10 | Create | Villager (Male) |
| 15:11 | Create | Villager (Male) |
| 15:20 | Build | Farm |
| 15:56 | Build | Blacksmith |
| 16:03 | Build | Farm |
| 16:43 | Build | Market |
| 16:48 | Create | Villager (Male) |
| 17:09 | Create | Villager (Male) |
| 17:19 | Build | House |
| 17:20 | Build | House |
| 17:21 | Build | House |
| 17:23 | Build | House |
| 17:24 | Build | House |
| 17:25 | Build | House |
| 17:37 | Build | House |
| 17:39 | Build | House |
| 17:40 | Build | House |
| 17:44 | Build | House |
| 17:45 | Build | House |
| 17:48 | Create | Villager (Male) |
| 17:49 | Research | Castle Age |
| 17:53 | Build | Farm |
| 17:54 | Build | Farm |
| 18:06 | Build | Farm |
| 18:18 | Build | Farm |
| 18:29 | Build | Farm |
| 18:42 | Build | Farm |
| 19:10 | Research | Double-Bit Axe |
| 19:18 | Research | Horse Collar |
| 19:40 | Build | Farm |
| 19:44 | Create | Villager (Male) |
| 19:45 | Create | Villager (Male) |
| 20:07 | Create | Demolition Raft |
| 20:12 | Create | Fishing Ship |
| 20:13 | Create | Fishing Ship |
| 20:30 | Age | Castle Age |
| 20:57 | Build | Castle |
| 21:26 | Build | Barracks |
| 21:36 | Create | Serjeant |
| 21:37 | Create | Serjeant |
| 21:37 | Create | Serjeant |
| 21:38 | Create | Serjeant |
| 21:39 | Create | Serjeant |
| 21:39 | Create | Serjeant |
| 21:39 | Create | Serjeant |
| 22:01 | Build | Archery Range |
| 22:23 | Create | Serjeant |
| 22:23 | Create | Serjeant |
| 22:38 | Create | Serjeant |
| 22:54 | Create | Villager (Male) |
| 22:55 | Create | Villager (Male) |
| 22:57 | Create | Skirmisher |
| 22:58 | Create | Skirmisher |
| 22:58 | Create | Skirmisher |
| 23:32 | Build | Town Center |
| 23:39 | Create | Villager (Male) |
| 23:39 | Create | Villager (Male) |
| 24:09 | Create | Villager (Male) |
| 24:09 | Create | Villager (Male) |
| 24:09 | Create | Villager (Male) |
| 24:30 | Create | Skirmisher |
| 24:30 | Create | Skirmisher |
| 24:31 | Create | Skirmisher |
| 24:45 | Create | Villager (Male) |
| 24:46 | Create | Villager (Male) |
| 24:46 | Create | Villager (Male) |
| 24:55 | Build | House |
| 24:56 | Build | House |
| 25:01 | Build | Palisade Wall |
| 25:03 | Create | Villager (Male) |
Build order — DarkOxygen12
First 150 of 330 actions detected
| 0:02 | Create | Villager (Male) |
| 0:02 | Create | Villager (Male) |
| 0:04 | Build | House |
| 0:05 | Build | House |
| 0:23 | Create | Villager (Male) |
| 0:23 | Create | Villager (Male) |
| 1:32 | Create | Villager (Male) |
| 1:53 | Build | Lumber Camp |
| 2:13 | Create | Villager (Male) |
| 2:36 | Create | Villager (Male) |
| 2:54 | Create | Villager (Male) |
| 3:28 | Build | Palisade Wall |
| 3:39 | Create | Villager (Male) |
| 3:39 | Create | Villager (Male) |
| 4:01 | Research | Loom |
| 4:26 | Build | House |
| 4:37 | Create | Villager (Male) |
| 4:38 | Create | Villager (Male) |
| 5:18 | Create | Villager (Male) |
| 5:56 | Create | Villager (Male) |
| 5:56 | Create | Villager (Male) |
| 5:56 | Create | Villager (Male) |
| 6:04 | Build | Mill |
| 6:21 | Create | Villager (Male) |
| 6:22 | Create | Villager (Male) |
| 6:55 | Create | Villager (Male) |
| 7:01 | Build | House |
| 7:28 | Create | Villager (Male) |
| 7:50 | Create | Villager (Male) |
| 8:32 | Build | Mining Camp |
| 9:09 | Create | Villager (Male) |
| 9:10 | Create | Villager (Male) |
| 9:32 | Build | Farm |
| 9:32 | Build | Farm |
| 9:32 | Build | Farm |
| 9:33 | Build | Farm |
| 9:34 | Build | Farm |
| 9:47 | Build | Farm |
| 9:50 | Research | Feudal Age |
| 10:32 | Build | Barracks |
| 10:37 | Build | House |
| 10:51 | Build | Barracks |
| 10:57 | Build | House |
| 12:00 | Age | Feudal Age |
| 12:09 | Build | Blacksmith |
| 12:12 | Create | Villager (Male) |
| 12:12 | Create | Villager (Male) |
| 12:13 | Create | Villager (Male) |
| 12:16 | Research | Double-Bit Axe |
| 12:18 | Research | Horse Collar |
| 13:15 | Build | Market |
| 13:22 | Create | Villager (Male) |
| 13:28 | Build | Farm |
| 13:28 | Build | Farm |
| 13:35 | Create | Villager (Male) |
| 13:43 | Build | Farm |
| 14:05 | Build | House |
| 14:19 | Create | Villager (Male) |
| 14:26 | Build | Lumber Camp |
| 14:49 | Build | Farm |
| 14:51 | Build | Farm |
| 14:55 | Build | Farm |
| 14:57 | Create | Villager (Male) |
| 14:57 | Create | Villager (Male) |
| 15:11 | Build | Farm |
| 15:17 | Build | Farm |
| 15:42 | Build | House |
| 15:43 | Build | House |
| 15:50 | Build | Palisade Wall |
| 15:54 | Build | Palisade Wall |
| 15:57 | Build | Palisade Wall |
| 16:18 | Research | Castle Age |
| 16:47 | Build | Dock |
| 18:01 | Research | Forging |
| 18:22 | Create | Galley |
| 18:22 | Create | Galley |
| 18:23 | Create | Galley |
| 18:35 | Build | Dock |
| 18:50 | Create | Villager (Male) |
| 18:51 | Create | Villager (Male) |
| 18:51 | Create | Villager (Male) |
| 18:57 | Build | Mining Camp |
| 18:58 | Age | Castle Age |
| 19:05 | Research | War Galley (upgrade) |
| 19:09 | Create | Galley |
| 19:10 | Create | Galley |
| 19:26 | Create | Galley |
| 19:26 | Create | Galley |
| 19:30 | Create | Longboat |
| 19:31 | Create | Longboat |
| 19:55 | Build | Town Center |
| 20:08 | Create | Villager (Male) |
| 20:08 | Create | Villager (Male) |
| 21:20 | Create | Villager (Male) ×5 |
| 21:22 | Create | Galley ×2 |
| 21:52 | Research | Iron Casting |
| 21:54 | Create | Villager (Male) |
| 21:55 | Research | Bow Saw |
| 22:03 | Create | Villager (Male) |
| 22:03 | Create | Villager (Male) |
| 22:06 | Build | House |
| 22:06 | Build | House |
| 22:07 | Build | House |
| 22:07 | Build | House |
| 22:08 | Build | House |
| 22:54 | Create | Villager (Male) |
| 22:54 | Create | Villager (Male) |
| 22:54 | Create | Villager (Male) |
| 23:08 | Create | Galley ×5 |
| 24:04 | Create | Villager (Male) ×5 |
| 24:08 | Research | Fletching |
| 24:12 | Build | Farm |
| 24:12 | Build | Farm |
| 24:12 | Build | Farm |
| 24:12 | Build | Farm |
| 24:39 | Build | Monastery |
| 24:43 | Build | Farm |
| 25:10 | Create | Villager (Male) ×5 |
| 25:16 | Create | Monk |
| 25:16 | Create | Monk |
| 25:54 | Build | House |
| 25:54 | Build | House |
| 25:55 | Build | House |
| 25:55 | Build | House |
| 25:56 | Build | House |
| 25:57 | Build | House |
| 26:16 | Create | Longboat ×5 |
| 26:31 | Create | Longboat |
| 26:52 | Build | Castle |
| 26:56 | Create | Monk |
| 26:56 | Create | Monk |
| 27:08 | Create | Villager (Male) ×5 |
| 27:12 | Build | Farm |
| 27:12 | Build | Farm |
| 27:29 | Create | Longboat |
| 27:29 | Create | Longboat |
| 27:29 | Create | Longboat |
| 28:09 | Create | Longboat |
| 28:12 | Create | Villager (Male) ×5 |
| 28:27 | Build | Lumber Camp |
| 28:56 | Build | Town Center |
| 28:59 | Research | Heavy Plow |
| 29:00 | Create | Villager (Male) |
| 29:01 | Create | Villager (Male) |
| 29:01 | Create | Villager (Male) |
| 29:04 | Create | Villager (Male) ×5 |
| 29:25 | Create | Monk |
| 29:25 | Create | Monk |
| 29:44 | Build | Farm |
| 29:44 | Build | Farm |
Build order — Fat Mike
First 150 of 581 actions detected
| 0:03 | Create | Villager (Male) |
| 0:03 | Create | Villager (Male) |
| 0:03 | Create | Villager (Male) |
| 0:04 | Create | Villager (Male) |
| 0:05 | Build | House |
| 0:08 | Build | House |
| 1:30 | Create | Villager (Male) |
| 1:31 | Create | Villager (Male) |
| 2:03 | Build | Lumber Camp |
| 2:05 | Create | Villager (Male) |
| 2:06 | Create | Villager (Male) |
| 2:21 | Create | Villager (Male) |
| 2:21 | Create | Villager (Male) |
| 2:22 | Create | Villager (Male) |
| 3:01 | Create | Villager (Male) |
| 3:01 | Create | Villager (Male) |
| 3:13 | Create | Villager (Male) |
| 3:13 | Create | Villager (Male) |
| 3:28 | Build | House |
| 3:38 | Build | House |
| 3:46 | Create | Villager (Male) |
| 3:47 | Create | Villager (Male) |
| 4:04 | Create | Villager (Male) |
| 4:05 | Create | Villager (Male) |
| 4:34 | Build | Mill |
| 4:53 | Create | Villager (Male) |
| 4:54 | Create | Villager (Male) |
| 5:31 | Create | Villager (Male) |
| 5:32 | Create | Villager (Male) |
| 5:39 | Create | Villager (Male) |
| 5:39 | Create | Villager (Male) |
| 5:43 | Create | Villager (Male) |
| 5:43 | Create | Villager (Male) |
| 6:24 | Create | Villager (Male) |
| 6:24 | Create | Villager (Male) |
| 6:24 | Create | Villager (Male) |
| 6:25 | Create | Villager (Male) |
| 6:51 | Build | Mill |
| 6:51 | Create | Villager (Male) |
| 6:51 | Create | Villager (Male) |
| 7:24 | Build | Lumber Camp |
| 7:25 | Create | Villager (Male) |
| 7:25 | Create | Villager (Male) |
| 7:50 | Build | Farm |
| 7:51 | Create | Villager (Male) |
| 8:06 | Build | House |
| 8:16 | Create | Villager (Male) |
| 8:28 | Create | Villager (Male) |
| 8:43 | Build | Farm |
| 8:52 | Build | Farm |
| 9:04 | Create | Villager (Male) |
| 9:10 | Build | Farm |
| 9:12 | Create | Villager (Male) |
| 9:19 | Research | Loom |
| 9:30 | Build | Farm |
| 9:48 | Build | Farm |
| 10:00 | Build | Farm |
| 10:13 | Build | Farm |
| 10:19 | Research | Feudal Age |
| 10:20 | Research | Feudal Age |
| 11:13 | Build | House |
| 11:17 | Create | Villager (Male) |
| 11:18 | Create | Villager (Male) |
| 11:18 | Create | Villager (Male) |
| 12:15 | Create | Villager (Male) |
| 12:29 | Age | Feudal Age |
| 12:37 | Build | Market |
| 12:39 | Create | Villager (Male) |
| 12:39 | Create | Villager (Male) |
| 12:46 | Build | Blacksmith |
| 13:01 | Build | Farm |
| 13:02 | Create | Villager (Male) |
| 13:23 | Build | Farm |
| 13:27 | Build | Farm |
| 13:31 | Build | Farm |
| 13:41 | Build | Farm |
| 13:45 | Create | Villager (Male) |
| 13:52 | Build | House |
| 14:12 | Build | Farm |
| 14:33 | Build | Farm |
| 14:36 | Create | Villager (Male) |
| 14:38 | Research | Castle Age |
| 14:58 | Research | Double-Bit Axe |
| 16:30 | Research | Horse Collar |
| 17:11 | Research | Wheelbarrow |
| 17:14 | Create | Villager (Male) |
| 17:15 | Create | Villager (Male) |
| 17:15 | Create | Villager (Male) |
| 17:21 | Age | Castle Age |
| 17:26 | Build | Town Center |
| 17:35 | Build | Town Center |
| 17:42 | Build | Farm |
| 17:45 | Create | Villager (Male) |
| 18:19 | Create | Villager (Male) |
| 18:39 | Research | Bow Saw |
| 18:40 | Create | Villager (Male) |
| 18:40 | Create | Villager (Male) |
| 18:40 | Create | Villager (Male) |
| 18:50 | Create | Villager (Male) |
| 18:51 | Create | Villager (Male) |
| 18:55 | Create | Villager (Male) |
| 18:55 | Create | Villager (Male) |
| 18:55 | Create | Villager (Male) |
| 18:56 | Create | Villager (Male) |
| 19:06 | Create | Villager (Male) |
| 19:06 | Create | Villager (Male) |
| 19:12 | Build | Farm |
| 19:16 | Build | Farm |
| 19:17 | Create | Villager (Male) |
| 19:32 | Create | Villager (Male) |
| 19:32 | Create | Villager (Male) |
| 19:33 | Create | Villager (Male) |
| 19:35 | Create | Villager (Male) |
| 19:35 | Create | Villager (Male) |
| 19:38 | Build | Farm |
| 19:42 | Build | Farm |
| 19:47 | Create | Villager (Male) |
| 20:35 | Create | Villager (Male) |
| 20:35 | Create | Villager (Male) |
| 20:38 | Create | Villager (Male) |
| 20:44 | Build | House |
| 20:45 | Create | Villager (Male) |
| 21:02 | Build | Barracks |
| 21:19 | Build | Farm |
| 21:24 | Build | Farm |
| 21:26 | Build | Farm |
| 21:32 | Create | Villager (Male) |
| 21:32 | Create | Villager (Male) |
| 21:34 | Create | Villager (Male) |
| 21:34 | Create | Villager (Male) |
| 21:39 | Build | Farm |
| 21:44 | Build | Farm |
| 21:44 | Build | Farm |
| 21:47 | Create | Villager (Male) |
| 21:48 | Create | Villager (Male) |
| 21:59 | Create | Villager (Male) |
| 22:05 | Create | Villager (Male) |
| 22:10 | Create | Villager (Male) |
| 22:21 | Build | Town Center |
| 22:28 | Build | House |
| 22:29 | Build | House |
| 22:30 | Build | House |
| 22:31 | Create | Villager (Male) |
| 22:31 | Create | Villager (Male) |
| 22:40 | Research | Fletching |
| 22:48 | Build | House |
| 22:49 | Build | House |
| 22:49 | Build | House |
| 22:49 | Build | House |
| 22:49 | Build | House |
Build order — 花开未相随
First 150 of 440 actions detected
| 0:03 | Create | Villager (Male) |
| 0:03 | Create | Villager (Male) |
| 0:05 | Build | House |
| 0:07 | Build | House |
| 0:07 | Create | Villager (Male) |
| 0:09 | Create | Villager (Male) |
| 1:30 | Create | Villager (Male) |
| 1:55 | Build | Lumber Camp |
| 2:22 | Create | Villager (Male) |
| 2:45 | Create | Villager (Male) |
| 2:45 | Create | Villager (Male) |
| 3:06 | Create | Villager (Male) |
| 3:43 | Create | Villager (Male) |
| 3:46 | Build | House |
| 4:19 | Create | Villager (Male) |
| 4:19 | Create | Villager (Male) |
| 4:20 | Create | Villager (Male) |
| 4:47 | Build | Mill |
| 4:54 | Create | Villager (Male) |
| 5:13 | Create | Villager (Male) |
| 6:13 | Build | Farm |
| 6:20 | Build | House |
| 6:27 | Create | Villager (Male) |
| 6:34 | Build | Farm |
| 6:41 | Create | Villager (Male) |
| 6:57 | Build | Farm |
| 7:08 | Create | Villager (Male) |
| 7:58 | Build | Barracks |
| 8:12 | Create | Villager (Male) |
| 8:14 | Create | Villager (Male) |
| 8:54 | Research | Feudal Age |
| 8:54 | Research | Feudal Age |
| 9:56 | Build | Mining Camp |
| 10:17 | Build | House |
| 10:40 | Create | Villager (Male) |
| 10:41 | Create | Villager (Male) |
| 11:12 | Age | Feudal Age |
| 11:17 | Build | Blacksmith |
| 11:27 | Build | Market |
| 12:07 | Create | Villager (Male) |
| 12:12 | Build | Farm |
| 12:39 | Build | Farm |
| 12:44 | Build | Farm |
| 12:46 | Create | Villager (Male) |
| 12:50 | Research | Loom |
| 12:50 | Research | Loom |
| 13:00 | Build | Farm |
| 13:14 | Build | Farm |
| 13:28 | Research | Castle Age |
| 14:11 | Research | Double-Bit Axe |
| 14:11 | Research | Double-Bit Axe |
| 14:45 | Build | Archery Range |
| 14:59 | Build | House |
| 15:24 | Build | Archery Range |
| 15:33 | Create | Villager (Male) |
| 15:33 | Create | Villager (Male) |
| 16:08 | Age | Castle Age |
| 16:10 | Create | Unit 1952 ×3 |
| 16:11 | Create | Unit 1952 ×3 |
| 16:31 | Research | Fletching |
| 16:32 | Research | Fletching |
| 16:35 | Create | Villager (Male) |
| 16:46 | Create | Unit 1952 ×2 |
| 16:46 | Create | Unit 1952 ×2 |
| 16:48 | Create | Villager (Male) |
| 17:03 | Create | Villager (Male) |
| 17:24 | Create | Unit 1952 ×3 |
| 17:24 | Create | Unit 1952 ×3 |
| 17:38 | Build | House |
| 17:43 | Build | House |
| 17:45 | Build | Palisade Wall |
| 18:36 | Build | Town Center |
| 19:01 | Create | Villager (Male) |
| 19:02 | Create | Villager (Male) |
| 19:16 | Create | Villager (Male) |
| 19:39 | Create | Villager (Male) |
| 19:40 | Create | Villager (Male) |
| 19:43 | Research | Bodkin Arrow |
| 20:06 | Create | Unit 1952 ×5 |
| 20:07 | Create | Unit 1952 ×5 |
| 20:30 | Build | Stable |
| 20:53 | Create | Villager (Male) |
| 20:54 | Create | Villager (Male) |
| 20:56 | Create | Villager (Male) |
| 20:56 | Create | Villager (Male) |
| 21:30 | Build | House |
| 21:31 | Build | House |
| 22:15 | Build | Town Center |
| 22:17 | Create | Villager (Male) |
| 22:17 | Create | Villager (Male) |
| 22:19 | Create | Villager (Male) |
| 22:20 | Create | Villager (Male) |
| 22:20 | Create | Villager (Male) |
| 22:38 | Build | House |
| 22:45 | Create | Villager (Male) |
| 22:45 | Create | Villager (Male) |
| 22:57 | Create | Villager (Male) |
| 23:14 | Create | Villager (Male) |
| 23:14 | Create | Villager (Male) |
| 23:23 | Build | House |
| 23:43 | Create | Villager (Male) |
| 23:43 | Create | Villager (Male) |
| 23:57 | Build | Siege Workshop |
| 24:18 | Create | Villager (Male) |
| 24:18 | Create | Villager (Male) |
| 24:23 | Build | Farm |
| 24:40 | Build | Lumber Camp |
| 24:43 | Build | Farm |
| 24:51 | Create | Mangonel |
| 24:55 | Build | Farm |
| 25:24 | Create | Villager (Male) |
| 25:24 | Create | Villager (Male) |
| 25:24 | Create | Villager (Male) |
| 25:32 | Create | Unit 1952 ×2 |
| 25:32 | Create | Unit 1952 ×2 |
| 25:36 | Create | Unit 1952 ×3 |
| 25:37 | Create | Unit 1952 ×3 |
| 25:46 | Build | House |
| 25:56 | Build | Farm |
| 25:58 | Build | Farm |
| 25:59 | Create | Villager (Male) |
| 26:00 | Create | Villager (Male) |
| 26:00 | Create | Villager (Male) |
| 26:37 | Create | Villager (Male) |
| 26:37 | Create | Villager (Male) |
| 26:44 | Build | House |
| 26:59 | Create | Villager (Male) |
| 26:59 | Create | Villager (Male) |
| 27:06 | Build | Mining Camp |
| 27:15 | Create | Villager (Male) |
| 27:15 | Create | Villager (Male) |
| 27:15 | Create | Villager (Male) |
| 27:40 | Create | Villager (Male) |
| 27:41 | Create | Villager (Male) |
| 27:41 | Create | Villager (Male) |
| 27:47 | Build | Farm |
| 27:48 | Build | Farm |
| 27:49 | Build | House |
| 27:52 | Build | Farm |
| 27:52 | Build | Farm |
| 27:53 | Build | Farm |
| 28:01 | Build | Farm |
| 28:18 | Research | Bloodlines |
| 28:19 | Research | Bloodlines |
| 28:43 | Build | House |
| 28:45 | Build | House |
| 28:46 | Build | House |
| 28:47 | Build | House |
| 28:59 | Research | Wheelbarrow |
| 29:00 | Create | Villager (Male) |
Build order — tomasgus05
First 150 of 457 actions detected
| 0:01 | Create | Villager (Male) ×4 |
| 0:05 | Build | House |
| 0:07 | Build | House |
| 1:24 | Create | Villager (Male) |
| 1:25 | Create | Villager (Male) |
| 2:09 | Build | Lumber Camp |
| 2:12 | Create | Villager (Male) |
| 2:12 | Create | Villager (Male) |
| 2:22 | Create | Villager (Male) |
| 2:22 | Create | Villager (Male) |
| 2:53 | Create | Villager (Male) |
| 2:53 | Create | Villager (Male) |
| 3:15 | Create | Villager (Male) |
| 3:15 | Create | Villager (Male) |
| 3:38 | Create | Villager (Male) |
| 3:38 | Create | Villager (Male) |
| 3:58 | Build | House |
| 4:09 | Create | Villager (Male) |
| 4:09 | Create | Villager (Male) |
| 4:09 | Create | Villager (Male) |
| 4:24 | Build | Mill |
| 4:34 | Create | Villager (Male) |
| 4:34 | Create | Villager (Male) |
| 4:59 | Create | Villager (Male) |
| 4:59 | Create | Villager (Male) |
| 5:40 | Create | Villager (Male) |
| 5:40 | Create | Villager (Male) |
| 6:10 | Build | House |
| 6:13 | Create | Villager (Male) |
| 6:35 | Create | Villager (Male) |
| 7:02 | Create | Villager (Male) |
| 7:04 | Build | Lumber Camp |
| 7:10 | Create | Villager (Male) |
| 7:12 | Create | Villager (Male) |
| 7:50 | Create | Villager (Male) |
| 8:22 | Build | Mill |
| 8:29 | Create | Villager (Male) |
| 8:48 | Build | House |
| 8:53 | Research | Loom |
| 8:55 | Create | Villager (Male) |
| 8:56 | Create | Villager (Male) |
| 9:01 | Create | Villager (Male) |
| 9:07 | Build | Mining Camp |
| 9:48 | Research | Feudal Age |
| 9:48 | Research | Feudal Age |
| 10:09 | Build | Farm |
| 10:12 | Build | Farm |
| 10:13 | Build | Farm |
| 10:14 | Build | Farm |
| 11:59 | Build | Farm |
| 12:00 | Build | Farm |
| 12:00 | Build | Farm |
| 12:01 | Build | Farm |
| 12:37 | Build | Farm |
| 12:40 | Build | Farm |
| 12:58 | Age | Feudal Age |
| 13:02 | Build | Blacksmith |
| 13:09 | Create | Villager (Male) |
| 13:10 | Create | Villager (Male) |
| 13:21 | Build | Market |
| 13:45 | Build | House |
| 14:11 | Research | Castle Age |
| 14:12 | Research | Castle Age |
| 14:17 | Build | House |
| 14:41 | Research | Double-Bit Axe |
| 14:53 | Build | Mining Camp |
| 15:29 | Research | Horse Collar |
| 15:36 | Create | Villager (Male) |
| 15:39 | Create | Villager (Male) |
| 15:39 | Create | Villager (Male) |
| 16:16 | Build | House |
| 16:51 | Age | Castle Age |
| 16:57 | Build | Town Center |
| 17:08 | Build | Farm |
| 17:08 | Build | Farm |
| 17:10 | Build | Farm |
| 17:14 | Create | Villager (Male) |
| 17:31 | Research | Heavy Plow |
| 17:31 | Research | Heavy Plow |
| 17:31 | Research | Heavy Plow |
| 17:59 | Build | Farm |
| 18:05 | Create | Villager (Male) |
| 18:16 | Create | Villager (Male) |
| 18:16 | Create | Villager (Male) |
| 18:16 | Create | Villager (Male) |
| 18:17 | Create | Villager (Male) |
| 18:43 | Create | Villager (Male) |
| 18:46 | Build | Farm |
| 18:48 | Build | Farm |
| 18:53 | Create | Villager (Male) |
| 19:24 | Create | Villager (Male) |
| 19:25 | Create | Villager (Male) |
| 19:26 | Create | Villager (Male) |
| 19:51 | Build | Barracks |
| 20:02 | Create | Villager (Male) |
| 20:02 | Create | Villager (Male) |
| 20:06 | Build | House |
| 20:07 | Build | House |
| 20:09 | Build | House |
| 20:23 | Create | Villager (Male) |
| 20:28 | Build | Farm |
| 21:05 | Build | Castle |
| 21:11 | Build | Farm |
| 21:24 | Build | Archery Range |
| 21:29 | Build | House |
| 21:32 | Build | Palisade Wall |
| 21:40 | Build | House |
| 21:52 | Create | Villager (Male) |
| 21:52 | Create | Villager (Male) |
| 21:55 | Create | Villager (Male) |
| 21:55 | Create | Villager (Male) |
| 21:56 | Create | Villager (Male) |
| 21:56 | Create | Villager (Male) |
| 22:00 | Create | Villager (Male) |
| 22:34 | Research | Gold Mining |
| 22:35 | Research | Stone Mining |
| 22:42 | Build | Farm |
| 22:45 | Create | Janissary |
| 22:45 | Create | Janissary |
| 22:45 | Create | Janissary |
| 22:46 | Create | Janissary |
| 23:02 | Create | Janissary |
| 23:13 | Build | Farm |
| 23:15 | Create | Villager (Male) |
| 23:16 | Create | Villager (Male) |
| 23:16 | Create | Villager (Male) |
| 23:17 | Create | Villager (Male) |
| 23:24 | Create | Villager (Male) |
| 23:54 | Build | University |
| 24:21 | Create | Janissary |
| 24:21 | Create | Janissary |
| 24:21 | Create | Janissary |
| 24:33 | Create | Spearman |
| 24:34 | Create | Spearman |
| 24:34 | Create | Spearman |
| 24:34 | Create | Spearman |
| 24:46 | Build | Palisade Wall |
| 24:58 | Create | Villager (Male) |
| 24:59 | Create | Villager (Male) |
| 24:59 | Create | Villager (Male) |
| 24:59 | Create | Villager (Male) |
| 24:59 | Create | Villager (Male) |
| 25:11 | Create | Janissary |
| 25:11 | Create | Janissary |
| 25:28 | Build | Farm |
| 25:32 | Create | Janissary |
| 25:32 | Create | Janissary |
| 25:33 | Create | Janissary |
| 25:33 | Create | Janissary |
| 25:40 | Build | Farm |
Build order — 九黎皇朝
First 150 of 349 actions detected
| 0:04 | Build | House |
| 0:05 | Build | House |
| 0:09 | Create | Villager (Male) |
| 0:09 | Create | Villager (Male) |
| 0:09 | Create | Villager (Male) |
| 0:09 | Create | Villager (Male) |
| 0:10 | Create | Villager (Male) |
| 0:10 | Create | Villager (Male) |
| 1:37 | Create | Villager (Male) |
| 2:11 | Create | Villager (Male) |
| 2:11 | Create | Villager (Male) |
| 2:49 | Build | Lumber Camp |
| 2:53 | Create | Villager (Male) |
| 2:54 | Create | Villager (Male) |
| 3:28 | Create | Villager (Male) |
| 3:28 | Create | Villager (Male) |
| 4:21 | Create | Villager (Male) |
| 4:22 | Create | Villager (Male) |
| 4:53 | Create | Villager (Male) |
| 4:53 | Create | Villager (Male) |
| 5:00 | Build | Mill |
| 5:18 | Build | House |
| 6:16 | Create | Villager (Male) |
| 6:23 | Create | Villager (Male) |
| 7:10 | Build | Mining Camp |
| 7:17 | Create | Villager (Male) |
| 7:25 | Build | House |
| 8:03 | Create | Villager (Male) |
| 8:16 | Build | Mining Camp |
| 8:21 | Create | Villager (Male) |
| 8:58 | Build | Mill |
| 9:08 | Create | Villager (Male) |
| 9:56 | Research | Feudal Age |
| 10:47 | Create | Villager (Male) |
| 11:34 | Build | Barracks |
| 11:56 | Create | Villager (Male) |
| 12:06 | Age | Feudal Age |
| 12:45 | Build | Market |
| 12:59 | Create | Villager (Male) |
| 13:06 | Build | House |
| 14:12 | Build | Blacksmith |
| 14:16 | Create | Villager (Male) |
| 14:27 | Build | Farm |
| 14:44 | Build | Farm |
| 14:57 | Build | Farm |
| 15:15 | Build | Farm |
| 15:37 | Build | Farm |
| 15:53 | Build | Farm |
| 16:04 | Research | Castle Age |
| 16:15 | Build | Farm |
| 16:58 | Build | House |
| 16:59 | Build | House |
| 17:01 | Build | House |
| 17:14 | Research | Double-Bit Axe |
| 18:32 | Build | Farm |
| 18:37 | Create | Villager (Male) |
| 18:38 | Create | Villager (Male) |
| 18:44 | Age | Castle Age |
| 18:52 | Build | Town Center |
| 19:34 | Build | Lumber Camp |
| 19:38 | Research | Horse Collar |
| 19:41 | Create | Villager (Male) |
| 19:41 | Create | Villager (Male) |
| 19:42 | Create | Villager (Male) |
| 19:46 | Build | Farm |
| 19:47 | Build | Farm |
| 19:49 | Build | Farm |
| 20:18 | Research | Stone Mining |
| 20:32 | Create | Villager (Male) |
| 20:53 | Create | Villager (Male) |
| 20:53 | Create | Villager (Male) |
| 21:10 | Build | Castle |
| 21:18 | Create | Villager (Male) |
| 21:18 | Create | Villager (Male) |
| 21:44 | Build | Farm |
| 21:47 | Create | Villager (Male) |
| 21:48 | Create | Villager (Male) |
| 22:00 | Build | Farm |
| 22:07 | Build | Farm |
| 22:08 | Build | Farm |
| 22:09 | Build | Farm |
| 22:10 | Build | Farm |
| 22:11 | Build | Farm |
| 22:12 | Build | Farm |
| 22:15 | Create | Villager (Male) |
| 22:15 | Create | Villager (Male) |
| 22:46 | Create | Villager (Male) |
| 22:52 | Create | Villager (Male) |
| 22:52 | Create | Villager (Male) |
| 23:05 | Build | House |
| 23:06 | Build | House |
| 23:07 | Build | House |
| 23:09 | Build | House |
| 23:32 | Create | Villager (Male) |
| 23:32 | Create | Villager (Male) |
| 23:50 | Build | Town Center |
| 24:05 | Create | Villager (Male) |
| 24:08 | Research | Wheelbarrow |
| 24:29 | Build | Stable |
| 24:41 | Build | Farm |
| 24:58 | Create | Villager (Male) |
| 24:59 | Create | Villager (Male) |
| 25:22 | Create | Villager (Male) |
| 25:22 | Create | Villager (Male) |
| 25:28 | Build | Lumber Camp |
| 25:46 | Build | House |
| 25:48 | Build | House |
| 25:48 | Build | House |
| 25:53 | Create | Villager (Male) |
| 25:53 | Create | Villager (Male) |
| 25:53 | Create | Villager (Male) |
| 26:00 | Build | Farm |
| 26:01 | Build | Farm |
| 26:03 | Build | Farm |
| 26:10 | Create | Villager (Male) |
| 26:16 | Create | Villager (Male) |
| 26:17 | Create | Villager (Male) |
| 26:20 | Create | Villager (Male) |
| 26:26 | Research | Gold Mining |
| 26:48 | Build | Farm |
| 26:52 | Research | Bow Saw |
| 26:59 | Create | Villager (Male) |
| 27:15 | Create | Villager (Male) |
| 27:15 | Create | Villager (Male) |
| 27:45 | Build | Monastery |
| 27:57 | Create | Villager (Male) |
| 28:00 | Create | Villager (Male) |
| 28:00 | Create | Villager (Male) |
| 28:11 | Create | Villager (Male) |
| 28:11 | Create | Villager (Male) |
| 28:11 | Create | Villager (Male) |
| 28:18 | Build | Farm |
| 28:27 | Build | Farm |
| 28:28 | Build | Farm |
| 28:30 | Build | Farm |
| 28:31 | Build | Farm |
| 28:37 | Create | Villager (Male) |
| 28:37 | Create | Villager (Male) |
| 28:49 | Create | Villager (Male) |
| 28:49 | Create | Villager (Male) |
| 28:49 | Create | Villager (Male) |
| 28:54 | Build | Farm |
| 28:55 | Build | Farm |
| 28:57 | Build | Farm |
| 28:58 | Build | Farm |
| 28:59 | Build | Farm |
| 29:02 | Create | Villager (Male) |
| 29:03 | Create | Villager (Male) |
| 29:19 | Build | Farm |
| 29:20 | Build | Farm |
Build order — Reissdorf Ralle
First 150 of 387 actions detected
| 0:01 | Create | Villager (Male) |
| 0:01 | Create | Villager (Male) |
| 0:03 | Build | House |
| 0:04 | Build | House |
| 0:05 | Create | Villager (Male) |
| 0:05 | Create | Villager (Male) |
| 1:23 | Create | Villager (Male) |
| 2:26 | Create | Villager (Male) |
| 2:26 | Create | Villager (Male) |
| 2:27 | Create | Villager (Male) |
| 3:12 | Create | Villager (Male) |
| 3:19 | Create | Villager (Male) |
| 3:20 | Create | Villager (Male) |
| 3:25 | Build | Settlement |
| 3:37 | Create | Villager (Male) |
| 3:37 | Create | Villager (Male) |
| 4:07 | Create | Villager (Male) |
| 4:07 | Create | Villager (Male) |
| 4:13 | Create | Villager (Male) |
| 4:14 | Create | Villager (Male) |
| 4:21 | Build | House |
| 5:20 | Build | Settlement |
| 5:31 | Create | Villager (Male) |
| 5:31 | Create | Villager (Male) |
| 5:40 | Create | Villager (Male) |
| 5:41 | Create | Villager (Male) |
| 6:33 | Create | Villager (Male) |
| 6:33 | Create | Villager (Male) |
| 7:53 | Create | Villager (Male) |
| 8:04 | Create | Villager (Male) |
| 8:38 | Research | Feudal Age |
| 9:18 | Build | Dock |
| 9:42 | Research | Loom |
| 9:45 | Build | House |
| 10:22 | Build | Settlement |
| 10:58 | Build | Barracks |
| 11:17 | Age | Feudal Age |
| 11:22 | Create | Fishing Ship |
| 11:23 | Create | Fishing Ship |
| 11:23 | Create | Fishing Ship |
| 11:32 | Create | Villager (Male) |
| 11:39 | Build | Blacksmith |
| 11:42 | Create | Unit 2550 |
| 11:42 | Create | Unit 2550 |
| 11:58 | Create | Villager (Male) |
| 12:10 | Create | Villager (Male) |
| 12:10 | Create | Villager (Male) |
| 12:15 | Create | Fishing Ship |
| 12:55 | Research | Tech 1402 |
| 13:00 | Build | Dock |
| 13:07 | Create | Fishing Ship |
| 13:16 | Research | Double-Bit Axe |
| 13:21 | Create | Villager (Male) |
| 13:21 | Create | Villager (Male) |
| 13:59 | Build | Farm |
| 13:59 | Build | Farm |
| 14:00 | Build | Farm |
| 14:00 | Build | Farm |
| 14:00 | Build | Farm |
| 14:01 | Build | Farm |
| 14:06 | Create | Villager (Male) |
| 14:06 | Create | Villager (Male) |
| 14:06 | Create | Villager (Male) |
| 14:11 | Create | Fishing Ship |
| 14:11 | Create | Fishing Ship |
| 14:38 | Create | Unit 2626 |
| 14:42 | Build | House |
| 15:15 | Research | Horse Collar |
| 15:22 | Build | Farm |
| 15:22 | Build | Farm |
| 15:22 | Build | Farm |
| 15:22 | Build | Farm |
| 15:23 | Build | Farm |
| 15:23 | Build | Farm |
| 15:31 | Build | Farm |
| 15:38 | Create | Villager (Male) |
| 15:38 | Create | Villager (Male) |
| 15:38 | Create | Villager (Male) |
| 15:42 | Create | Unit 2626 |
| 16:02 | Create | Unit 2550 ×5 |
| 16:08 | Build | House |
| 16:14 | Research | Forging |
| 16:50 | Build | House |
| 17:52 | Build | Market |
| 18:06 | Create | Unit 2626 ×5 |
| 18:11 | Build | Farm |
| 18:13 | Build | Farm |
| 18:16 | Build | Farm |
| 18:33 | Research | Castle Age |
| 18:56 | Create | Unit 2626 |
| 18:56 | Create | Unit 2626 |
| 19:06 | Build | Dock |
| 19:26 | Research | Scale Mail Armor |
| 19:48 | Build | House |
| 19:52 | Build | Palisade Wall |
| 19:53 | Build | Palisade Wall |
| 19:55 | Build | Palisade Wall |
| 20:07 | Research | Tech 906 |
| 20:30 | Create | Villager (Male) |
| 20:30 | Create | Villager (Male) |
| 21:07 | Build | Dock |
| 21:13 | Age | Castle Age |
| 21:16 | Build | Monastery |
| 21:19 | Research | War Galley (upgrade) |
| 21:36 | Build | Monastery |
| 21:43 | Research | Gold Mining |
| 21:46 | Research | Heavy Plow |
| 22:04 | Create | Monk |
| 22:04 | Create | Monk |
| 22:42 | Create | Villager (Male) |
| 22:42 | Create | Villager (Male) |
| 22:42 | Create | Villager (Male) |
| 22:43 | Create | Villager (Male) |
| 22:45 | Create | Monk |
| 22:46 | Create | Monk |
| 22:46 | Create | Monk |
| 22:54 | Build | Dock |
| 23:08 | Research | Wheelbarrow |
| 23:08 | Create | Villager (Male) |
| 23:09 | Create | Villager (Male) |
| 23:25 | Create | Fire Galley ×2 |
| 23:30 | Build | House |
| 23:33 | Build | House |
| 23:34 | Build | House |
| 23:34 | Build | House |
| 24:18 | Create | Villager (Male) |
| 24:18 | Create | Villager (Male) |
| 24:24 | Create | Villager (Male) |
| 24:24 | Create | Villager (Male) |
| 24:41 | Create | Fire Galley ×5 |
| 25:10 | Create | Fire Galley ×2 |
| 25:12 | Create | Villager (Male) |
| 25:12 | Create | Villager (Male) |
| 25:42 | Research | Iron Casting |
| 25:42 | Create | Villager (Male) |
| 25:42 | Create | Villager (Male) |
| 25:43 | Create | Villager (Male) |
| 26:35 | Build | House |
| 26:36 | Create | Villager (Male) |
| 26:37 | Create | Villager (Male) |
| 26:37 | Create | Villager (Male) |
| 26:43 | Build | House |
| 26:52 | Build | Dock |
| 27:01 | Build | Dock |
| 27:02 | Create | Villager (Male) |
| 27:02 | Create | Villager (Male) |
| 27:03 | Create | Villager (Male) |
| 27:05 | Research | Chain Mail Armor |
| 27:09 | Create | Monk |
| 27:10 | Create | Monk |
Build order — 348644636
First 150 of 475 actions detected
| 0:04 | Build | House |
| 0:05 | Build | House |
| 0:16 | Create | Villager (Male) |
| 0:17 | Create | Villager (Male) |
| 0:17 | Create | Villager (Male) |
| 0:17 | Create | Villager (Male) |
| 1:36 | Create | Villager (Male) |
| 2:05 | Build | Lumber Camp |
| 2:21 | Create | Villager (Male) |
| 2:35 | Create | Villager (Male) |
| 2:59 | Create | Villager (Male) |
| 3:17 | Create | Villager (Male) |
| 3:41 | Build | House |
| 3:42 | Build | House |
| 4:21 | Build | House |
| 4:30 | Create | Villager (Male) |
| 4:30 | Create | Villager (Male) |
| 4:46 | Create | Villager (Male) |
| 5:26 | Build | Dock |
| 5:38 | Create | Villager (Male) |
| 6:10 | Create | Villager (Male) |
| 6:29 | Research | Loom |
| 6:55 | Create | Villager (Male) |
| 6:57 | Create | Villager (Male) |
| 7:08 | Create | Villager (Male) |
| 7:13 | Build | Mill |
| 7:28 | Create | Villager (Male) |
| 7:47 | Create | Villager (Male) |
| 8:05 | Research | Feudal Age |
| 8:28 | Create | Fishing Ship |
| 8:29 | Create | Fishing Ship |
| 9:09 | Create | Villager (Male) |
| 9:12 | Build | House |
| 9:13 | Build | House |
| 9:19 | Create | Fishing Ship |
| 9:24 | Create | Villager (Male) |
| 10:05 | Create | Fishing Ship |
| 10:13 | Build | Mining Camp |
| 10:15 | Create | Villager (Male) |
| 10:31 | Create | Villager (Male) |
| 10:45 | Age | Feudal Age |
| 10:46 | Research | Double-Bit Axe |
| 10:58 | Create | Fishing Ship |
| 11:13 | Create | Villager (Male) |
| 11:32 | Create | Villager (Male) |
| 11:35 | Create | Fishing Ship |
| 12:02 | Create | Villager (Male) |
| 12:06 | Research | Horse Collar |
| 12:18 | Create | Villager (Male) |
| 12:24 | Build | Farm |
| 12:25 | Build | Farm |
| 12:28 | Create | Villager (Male) |
| 12:41 | Build | House |
| 12:42 | Build | House |
| 12:47 | Create | Villager (Male) |
| 12:56 | Create | Fishing Ship |
| 13:00 | Create | Villager (Male) |
| 13:02 | Build | Farm |
| 13:24 | Build | Lumber Camp |
| 13:33 | Create | Villager (Male) |
| 13:43 | Build | House |
| 14:12 | Research | Wheelbarrow |
| 14:55 | Create | Unit 2626 |
| 14:57 | Create | Villager (Male) |
| 15:09 | Research | Tech 906 |
| 15:36 | Build | Farm |
| 15:37 | Create | Villager (Male) |
| 15:38 | Create | Villager (Male) |
| 15:52 | Create | Unit 2626 |
| 16:03 | Create | Unit 2626 |
| 16:09 | Build | Farm |
| 16:11 | Build | Farm |
| 16:18 | Create | Villager (Male) |
| 16:43 | Create | Villager (Male) |
| 16:47 | Build | Farm |
| 16:48 | Build | Farm |
| 16:56 | Build | Blacksmith |
| 17:32 | Build | Market |
| 17:32 | Create | Villager (Male) |
| 17:36 | Build | Farm |
| 17:43 | Build | Mining Camp |
| 17:54 | Create | Unit 2626 |
| 18:11 | Research | Castle Age |
| 18:15 | Create | Villager (Male) |
| 18:15 | Create | Villager (Male) |
| 18:52 | Create | Villager (Male) |
| 18:55 | Build | Farm |
| 18:58 | Build | Farm |
| 18:59 | Research | Stone Mining |
| 18:59 | Research | Gold Mining |
| 19:17 | Create | Fishing Ship |
| 19:18 | Create | Fishing Ship |
| 19:31 | Build | House |
| 19:32 | Build | House |
| 19:32 | Build | House |
| 19:34 | Build | House |
| 20:06 | Build | Barracks |
| 20:07 | Create | Villager (Male) |
| 20:25 | Research | Scale Barding Armor |
| 20:26 | Research | Forging |
| 20:51 | Age | Castle Age |
| 20:51 | Create | Unit 2626 |
| 21:11 | Create | Villager (Male) |
| 21:15 | Build | Town Center |
| 21:18 | Build | Farm |
| 21:18 | Build | Farm |
| 21:18 | Build | Farm |
| 21:19 | Build | Farm |
| 21:19 | Build | Farm |
| 21:28 | Research | Bow Saw |
| 21:29 | Research | Heavy Plow |
| 21:33 | Create | Fishing Ship |
| 21:33 | Create | Fishing Ship |
| 21:52 | Research | War Galley (upgrade) |
| 21:54 | Create | Galley |
| 21:57 | Create | Villager (Male) |
| 23:13 | Create | Villager (Male) |
| 23:14 | Create | Villager (Male) |
| 23:15 | Create | Villager (Male) |
| 23:15 | Create | Villager (Male) |
| 23:15 | Create | Villager (Male) |
| 23:18 | Create | Villager (Male) |
| 23:27 | Build | Farm |
| 23:27 | Build | Farm |
| 23:27 | Build | Farm |
| 23:27 | Build | Farm |
| 23:28 | Build | Farm |
| 23:28 | Build | Farm |
| 23:28 | Build | Farm |
| 23:52 | Create | Galley |
| 23:52 | Create | Galley |
| 23:52 | Create | Galley |
| 23:52 | Create | Galley |
| 24:27 | Create | Villager (Male) |
| 24:28 | Create | Villager (Male) |
| 24:32 | Build | University |
| 24:35 | Research | Fletching |
| 24:35 | Research | Padded Archer Armor |
| 25:00 | Create | Galley |
| 25:00 | Create | Galley |
| 25:36 | Build | Dock |
| 25:42 | Build | Castle |
| 26:53 | Create | Villager (Male) |
| 26:53 | Create | Villager (Male) |
| 26:54 | Create | Villager (Male) |
| 26:54 | Create | Villager (Male) |
| 26:55 | Create | Villager (Male) |
| 26:58 | Build | Town Center |
| 27:16 | Build | Lumber Camp |
| 27:21 | Create | Mangudai |
Match timeline
| 3:28 | DarkOxygen12 · wall_segment Palisade Wall x1 |
| 5:26 | 348644636 · first_building Dock |
| 7:58 | 花开未相随 · first_building Barracks |
| 9:18 | Reissdorf Ralle · first_building Dock |
| 10:32 | DarkOxygen12 · first_building Barracks |
| 10:45 | 348644636 · age_up feudal |
| 10:58 | Reissdorf Ralle · first_building Barracks |
| 11:11 | JH · first_building Dock |
| 11:12 | 花开未相随 · age_up feudal |
| 11:17 | Reissdorf Ralle · age_up feudal |
| 11:34 | 九黎皇朝 · first_building Barracks |
| 11:43 | JH · age_up feudal |
| 12:00 | DarkOxygen12 · age_up feudal |
| 12:06 | 九黎皇朝 · age_up feudal |
| 12:29 | Fat Mike · age_up feudal |
| 12:58 | tomasgus05 · age_up feudal |
| 13:16 | JH · wall_segment Palisade Wall x8 |
| 14:05 | JH · wall_segment Palisade Wall x15 |
| 14:45 | 花开未相随 · first_building Archery Range |
| 15:50 | DarkOxygen12 · wall_segment Palisade Wall x1 |
| 15:54 | DarkOxygen12 · wall_segment Palisade Wall x1 |
| 15:57 | DarkOxygen12 · wall_segment Palisade Wall x1 |
| 16:01 | 九黎皇朝 · first_market_buy 100 food |
| 16:08 | 花开未相随 · age_up castle |
| 16:15 | DarkOxygen12 · first_market_buy 100 food |
| 16:47 | DarkOxygen12 · first_building Dock |
| 16:51 | tomasgus05 · age_up castle |
| 17:21 | Fat Mike · age_up castle |
| 17:45 | 花开未相随 · wall_segment Palisade Wall x1 |
| 18:29 | Reissdorf Ralle · first_market_buy 100 food |
| 18:31 | Reissdorf Ralle · first_market_sell 100 wood |
| 18:33 | Fat Mike · first_market_sell 100 food |
| 18:34 | Fat Mike · first_market_buy 100 wood |
| 18:44 | 九黎皇朝 · age_up castle |
| 18:58 | DarkOxygen12 · age_up castle |
| 19:51 | tomasgus05 · first_building Barracks |
| 19:52 | Reissdorf Ralle · wall_segment Palisade Wall x1 |
| 19:53 | Reissdorf Ralle · wall_segment Palisade Wall x1 |
| 19:55 | Reissdorf Ralle · wall_segment Palisade Wall x1 |
| 20:06 | 348644636 · first_building Barracks |
| 20:30 | 花开未相随 · first_building Stable |
| 20:30 | JH · age_up castle |
| 20:51 | 348644636 · age_up castle |
| 20:57 | JH · first_building Castle |
| 21:02 | Fat Mike · first_building Barracks |
| 21:05 | tomasgus05 · first_building Castle |
| 21:10 | 九黎皇朝 · first_building Castle |
| 21:13 | Reissdorf Ralle · age_up castle |
| 21:16 | Reissdorf Ralle · first_building Monastery |
| 21:24 | tomasgus05 · first_building Archery Range |
| 21:26 | JH · first_building Barracks |
| 21:32 | tomasgus05 · wall_segment Palisade Wall x3 |
| 21:57 | JH · first_market_sell 100 food |
| 21:59 | JH · first_market_buy 100 wood |
| 22:01 | JH · first_building Archery Range |
| 23:57 | 花开未相随 · first_building Siege Workshop |
| 24:29 | 九黎皇朝 · first_building Stable |
| 24:39 | DarkOxygen12 · first_building Monastery |
| 24:46 | tomasgus05 · wall_segment Palisade Wall x1 |
| 24:59 | Fat Mike · first_building Castle |
| 25:01 | JH · wall_segment Palisade Wall x30 |
| 25:34 | 花开未相随 · first_market_buy 100 wood |
| 25:42 | 348644636 · first_building Castle |
| 26:52 | DarkOxygen12 · first_building Castle |
| 26:58 | Fat Mike · first_building Monastery |
| 27:29 | Fat Mike · first_building Siege Workshop |
| 27:45 | 九黎皇朝 · first_building Monastery |
| 28:45 | 348644636 · first_building Monastery |
| 29:56 | 348644636 · first_building Archery Range |
| 29:58 | 348644636 · first_building Stable |
| 30:43 | JH · wall_segment Stone Wall x46 |
| 30:48 | JH · wall_segment Stone Wall x5 |
| 31:31 | 花开未相随 · first_building Monastery |
| 32:58 | JH · wall_segment Stone Wall x23 |
| 33:05 | JH · wall_segment Stone Wall x15 |
| 33:18 | Fat Mike · first_building Stable |
| 33:54 | Reissdorf Ralle · first_building Castle |
| 33:55 | tomasgus05 · first_building Stable |
| 34:04 | 九黎皇朝 · age_up imperial |
| 34:46 | Reissdorf Ralle · first_building Archery Range |
| 34:49 | 花开未相随 · first_building Castle |
| 36:07 | tomasgus05 · age_up imperial |
| 36:31 | DarkOxygen12 · first_building Archery Range |
| 38:42 | 九黎皇朝 · wall_segment Stone Wall x5 |
| 39:27 | 348644636 · age_up imperial |
| 40:11 | DarkOxygen12 · age_up imperial |
| 40:12 | Reissdorf Ralle · age_up imperial |
| 40:23 | JH · first_building Siege Workshop |
| 40:48 | Fat Mike · age_up imperial |
| 41:49 | JH · age_up imperial |
| 42:48 | 花开未相随 · age_up imperial |
| 44:46 | 348644636 · first_building Siege Workshop |
| 46:16 | Reissdorf Ralle · first_building Siege Workshop |
| 49:29 | 花开未相随 · first_market_sell 500 stone |
| 53:32 | 花开未相随 · resign |
[ AI ANALYSIS · 1 CREDIT ]
What really happened in this match?
Wolo.gg analyzes every decision: build order, eco, micro, common mistakes by bracket. Personalized analysis on WhatsApp or Discord in 30 seconds.
Civ guide
Sicilians
Map guide
Seasons
Perfil
Jugador #1804460